 Dungeon Crawl Stone Soup version 0.26-a0-610-g3e9335bbc7 (webtiles) character file.

Game seed: 3847477746647183572

41 Descartes the Scratcher (level 3, 0/15 HPs)
             Began as a Felid Transmuter on Sept 4, 2020.
             Slain by an orc wizard
             ... wielding a +0 dagger
              (1 damage)
             ... on level 2 of the Dungeon.
             The game lasted 00:03:22 (1546 turns).

Descartes the Scratcher (Felid Transmuter)          Turns: 1546, Time: 00:03:23

Health: 0/15       AC:  1    Str:  7    XL:     3   Next: 32%
Magic:  7/7        EV: 18    Int: 14    God:
Gold:   45         SH:  0    Dex: 16    Spells: 5/6 levels left
                                        Lives:  0   Deaths: 0

rFire    . . .     SeeInvis +     - Unarmed
rCold    . . .     Faith    .   (shield unavailable)
rNeg     . . .     Spirit   .   (armour unavailable)
rPois    .         Reflect  .   (helmet unavailable)
rElec    .         Harm     .   (cloak unavailable)
rCorr    .                      (gloves unavailable)
MR       .....                  (boots unavailable)
Stlth    +++.......             (no amulet)
HPRegen  0.05/turn              (no ring)
MPRegen  0.10/turn              (no ring)

@: appendages (expiring), quick
A: very small, no armour, no weapons or thrown items, stealth, claws 1, fangs 3,
horns 2, see invisible, speed 1, shaggy fur 1, sharp paws
a: End Transformation


You were on level 2 of the Dungeon.
You had grown temporary horns.
You visited 1 branch of the dungeon, and saw 2 of its levels.

You collected 45 gold pieces.

Inventory:

Jewellery
 g - an uncursed ring of fire
Scrolls
 a - a scroll of remove curse {unknown}
 b - a scroll of immolation {unknown}
 f - a scroll of noise {unknown}
 h - a scroll of identify {unknown}
 i - a scroll of magic mapping {unknown}
 j - a scroll of teleportation {unknown}
Potions
 c - a potion of flight {unknown}
 d - a potion of curing {unknown}
 e - a potion of stabbing {unknown}


   Skills:
 + Level 1.4 Fighting
 + Level 3.2 Dodging
 * Level 2.3 Stealth
 + Level 3.2 Unarmed Combat
 - Level 2.0 Spellcasting
 + Level 2.6 Transmutations


You had 5 spell levels left.
You knew the following spells:

 Your Spells              Type           Power        Failure   Level
a - Beastly Appendage     Tmut           #.....       9%          1

Your spell library contained the following spells:

 Spells                   Type           Power        Failure   Level
 Wereblood                Tmut           #.......     12%         2
 Spider Form              Tmut/Pois      #.........   38%         3
 Ice Form                 Ice/Tmut       #.......     80%         4
 Blade Hands              Tmut           #.........   92%         5


Dungeon Overview and Level Annotations

Branches:
Dungeon (2/15)

Altars:

Annotations:
D:2 Robin


Innate Abilities, Weirdness & Mutations

You cannot wear armour.
You are incapable of wielding weapons or throwing items.
Your paws allow you to move quietly. (Stealth)
You have sharp claws.
You have razor-sharp teeth.
You have supernaturally acute eyesight. (SInv)
You cover ground quickly.
You are covered in fur. (AC +1)
Your sharp claws are effective at attacking unaware monsters.
You have a pair of horns on your head.


Message History

You scratch the orc wizard.
The orc wizard is moderately wounded.
Your transformation is almost over.
The orc wizard completely misses you.
You scratch the orc wizard but do no damage.
The orc wizard is moderately wounded.
The orc wizard hits you with a +0 dagger.
You barely miss the orc wizard. You headbutt the orc wizard.
The orc wizard is moderately wounded.
The orc wizard misses you.
You scratch the orc wizard. You bite the orc wizard.
The orc wizard is severely wounded.
The orc wizard points at you and mumbles some strange words.
The magic dart hits you!
Ouch! That really hurt!
* * * LOW HITPOINT WARNING * * *
You closely miss the orc wizard.
The orc wizard is severely wounded.
The orc wizard hits you with a +0 dagger.
You die...

#)...# # #<...# ####
#....####...
###....#....## #
#####........##...
..
#.....##.###....##
###.#
###........####
.....o###...##.#####
#.oo@....##.#
......#####.##.#
##... #.##.# ...#
#.##.# .# ......
###... ... #..##


You could see an orc wizard and 2 orcs.

Vanquished Creatures
  2 oozes (D:1)
  2 dart slugs (D:1)
  4 giant cockroaches
  7 goblins
  A hobgoblin (D:1)
  4 bats (D:1)
  5 kobolds
25 creatures vanquished.

Notes
Turn   | Place    | Note
-------+----------+-------------------------------------------
     0 | D:1      | Descartes the Felid Transmuter began the quest for the Orb.
     0 | D:1      | Reached XP level 1. HP: 9/9 MP: 4/4
   308 | D:1      | Reached skill level 1 in Stealth
   363 | D:1      | Reached XP level 2. HP: 12/12 MP: 4/6
   883 | D:1      | Reached XP level 3. HP: 15/15 MP: 4/7
  1266 | D:2      | Noticed Robin
  1546 | D:2      | Slain by an orc wizard

Illustrated notes

Levels and vault maps discovered:
D:1:      dpeg_arrival_brainrot, layout_loops_ring
D:2:      layout_rooms, uniq_robin, uniq_terence

Skill      XL: |  1  2 |
---------------+-------+-----
Stealth        | 1 2 |  2.3
Dodging        | 3 |  3.2
Fighting       | |  1.4
Unarmed Combat | |  3.2
Spellcasting   | |  2.0
Transmutations | |  2.6

Action                   || total
-------------------------++-------
Melee: Unarmed           ||    79
       Headbutt          ||     7
       Bite              ||     3
 Cast: Beastly Appendage ||    17
 Stab: Sleeping          ||     5
Armor: Skin              ||    11
Dodge: Dodged            ||    63

Table legend: (Time is in decaauts)
 A = Elapsed time spent in this place.
 B = Non-inter-level travel time spent in this place.
 C = Inter-level travel time spent in this place.
 D = Time resting spent in this place.
 E = Time spent auto-exploring this place.
 F = Levels seen in this place.
 G = Mean time per level.
                   A        B        C        D        E       F      G
               +--------+--------+--------+--------+--------+-----+--------+
         Total |   1394 |   1344 |     50 |      0 |   1142 |   2 |  697.0 |
       Dungeon |   1394 |   1344 |     50 |      0 |   1142 |   2 |  697.0 |
               +--------+--------+--------+--------+--------+-----+--------+

Top non-repeatable levels by time:
     D:1: 1294 daAuts
     D:2: 100 daAuts
